 Dungeon Crawl Stone Soup version 0.27-a0-681-g0c81a3c1c3 (webtiles) character file.

Game seed: 6651761563719875070

4 jasper the Insei (level 1, -2/15 HPs)
             Began as a Demonspawn Transmuter on Mar 19, 2021.
             Killed from afar by a dart slug (4 damage)
             ... with a slug dart
             ... on level 1 of the Dungeon.
             The game lasted 00:00:42 (83 turns).

jasper the Insei (Demonspawn Transmuter)              Turns: 83, Time: 00:00:42

Health: -2/15      AC:  2    Str: 10    XL:     1   Next: 50%
Magic:  3/3        EV: 12    Int: 14    God:
Gold:   0          SH:  0    Dex: 13    Spells: 3/4 levels left

rFire    . . .     SeeInvis .     - Unarmed
rCold    . . .     Faith    .   (no shield)
rNeg     . . .     Spirit   .   a - +0 robe
rPois    .         Reflect  .   (no helmet)
rElec    .         Harm     .   (no cloak)
rCorr    .         Rampage  .   (no gloves)
Will     .....                  (no boots)
Stlth    +.........             (no amulet)
HPRegen  0.05/turn              (no ring)
MPRegen  0.08/turn              (no ring)

@: no status effects
A: no striking features
a: no special abilities


You were on level 1 of the Dungeon.
You visited 1 branch of the dungeon, and saw 2 of its levels.

Inventory:

Armour
 a - a +0 robe (worn)


   Skills:
 - Level 1.0 Fighting
 - Level 1.7 Dodging
 - Level 2.6 Unarmed Combat
 - Level 2.0 Spellcasting
 + Level 2.1 Transmutations


You had 3 spell levels left.
You knew the following spells:

 Your Spells              Type           Power      Damage    Failure   Level
a - Beastly Appendage     Tmut           14%        N/A       10%         1

Your spell library contained the following spells:

 Spells                   Type           Power      Damage    Failure   Level
 Wereblood                Tmut           7%         N/A       14%         2
 Spider Form              Tmut/Pois      2%         N/A       41%         3
 Ice Form                 Ice/Tmut       4%         N/A       83%         4
 Blade Hands              Tmut           3%         N/A       95%         5


Dungeon Overview and Level Annotations

Branches:
Dungeon (2/15)

Altars:

Annotations:
D:2 Sigmund


Message History

Your horns disappear.
Your talons disappear.
MP restored: 3 You barely miss the hobgoblin.
The hobgoblin hits you.
* * * LOW HITPOINT WARNING * * *
You take 2 damage, and have 3/15 hp.
The kobold misses you. The hobgoblin hits you.
* * * LOW HITPOINT WARNING * * *
You take 1 damage, and have 2/15 hp.
A giant cockroach comes into view.
Found 7 gold pieces.
There is a stone staircase leading down here.
The hobgoblin closely misses you.
You climb downwards.
A hobgoblin, a kobold and Sigmund come into view.
Sigmund is wielding a +3 vorpal scythe.
Sigmund shouts!
The hobgoblin shouts!
The kobold shouts!
There is a stone staircase leading up here.
You aren't carrying any scrolls.
You aren't carrying any potions.
Unknown command.
The hobgoblin completely misses you. Sigmund misses you.
You climb upwards.
The giant cockroach bites you.
* * * LOW HITPOINT WARNING * * *
The giant cockroach closely misses you.
There is a stone staircase leading down here.
You take 1 damage, and have 2/15 hp.
The giant cockroach bites you.
* * * LOW HITPOINT WARNING * * *
You take 1 damage, and have 1/15 hp.
The giant cockroach bites you but does no damage.
Found a golden potion.
The giant cockroach barely misses you.
Found a club.
Found 8 gold pieces.
The giant cockroach closely misses you.
A dart slug comes into view.
The dart slug launches a dart at you. The slug dart hits you.
You die...

##########
.........#
........#
.......####
#........#
#.w......##.
#.....$..... .
#@..#####.#
.##B#........
..#.#....)...
#!#.g........
#.###........
#.##.K.......
#.#..........
######.#g#.....$...
#....#.K##.........


You could see a dart slug, a giant cockroach and a hobgoblin.

Vanquished Creatures
  2 goblins (D:1)
  2 rats (D:1)
4 creatures vanquished.

Notes
Turn   | Place    | Note
-------+----------+-------------------------------------------
     0 | D:1      | jasper the Demonspawn Transmuter began the quest for the
                  | Orb.
     0 | D:1      | Reached XP level 1. HP: 15/15 MP: 3/3
    68 | D:2      | Noticed Sigmund
    83 | D:1      | Killed from afar by a dart slug

Illustrated notes

Levels and vault maps discovered:
D:1:      wander_arrival_abandoned_jail, layout_rooms, minmay_tiny_reverse_x
D:2:      layout_rooms, uniq_natasha, uniq_sigmund

Skill      XL: |  1 |
---------------+----+-----
Transmutations | 2 |  2.1
Fighting       | |  1.0
Dodging        | |  1.7
Unarmed Combat | |  2.6
Spellcasting   | |  2.0

Action                   || total
-------------------------++-------
Melee: Unarmed           ||     9
       Headbutt          ||     2
 Cast: Beastly Appendage ||     1
Armor: Robe              ||     2
Dodge: Dodged            ||    10

Table legend: (Time is in decaauts)
 A = Elapsed time spent in this place.
 B = Non-inter-level travel time spent in this place.
 C = Inter-level travel time spent in this place.
 D = Time resting spent in this place.
 E = Time spent auto-exploring this place.
 F = Levels seen in this place.
 G = Mean time per level.
                   A        B        C        D        E       F      G
               +--------+--------+--------+--------+--------+-----+--------+
         Total |     82 |     82 |      0 |      0 |     30 |   2 |   41.0 |
       Dungeon |     82 |     82 |      0 |      0 |     30 |   2 |   41.0 |
               +--------+--------+--------+--------+--------+-----+--------+

Top non-repeatable levels by time:
     D:1: 81 daAuts
     D:2: 1 daAuts
